Map: 카탈리스트 - 래더

Players

DnS - Winner!

  • Race: Protoss Protoss
  • Spawn Location: 11:00

DeadSaint

  • Race: Zerg Zerg
  • Spawn Location: 5:00

Event: WCS Austin 2018

VOD

Have the link to the VOD?

Description

Time

  • Played on: June 1, 2018, 2:37 p.m.
  • Length: 9:20

All games in this series

Show
View Real Time Build Order
Export as new Build Order

DnS Protoss - Winner!

Build Orders: Oracle Opening 

Get SALT Encoding   

  12  0:01  Probe  
  13  0:13  Probe  
  14  0:18  Pylon  
  14  0:25  Probe  
  15  0:33  Probe  
  15  0:40  Gateway  
  15  0:41  Probe  
  16  0:49  Assimilator  
  17  0:52  Probe  
  19  1:04  Probe  
  19  1:14  Gateway  
  19  1:17  Probe  
  20  1:26  Zealot  
  20  1:28  Cybernetics Core  
  20  1:32  Pylon  
  22  1:35  Probe  
  23  1:44  Zealot  
  23  1:50  Probe  
  26  1:59  Assimilator  
  26  2:02  Probe  
  26  2:04  Adept, Warp Gate  
  29  2:13  Pylon  
  29  2:14  Probe  
  29  2:23  Adept  
  31  2:37  Adept  
  31  2:41  Probe  
  34  2:49  Stargate  
  34  2:52  Shield Battery  
  34  3:12  Probe, Nexus  
  35  3:20  Probe  
  36  3:27  Pylon  
  36  3:29  Probe  
  37  3:37  Oracle  
  37  3:41  Probe  
  41  3:53  Probe  
  42  3:56  Gateway  
  42  4:05  Probe  
  42  4:07  Adept  
  42  4:09  Adept  
  47  4:17  Oracle  
  50  4:24  Probe  
  50  4:25  Probe, Pylon  
  52  4:32  Probe  
  52  4:37  Probe  
  54  4:41  Probe  
  54  4:44  Twilight Council  
  55  4:49  Probe  
  56  4:52  Adept x2  
  56  4:53  Resonating Glaives  
  56  4:54  Adept  
  62  5:00  Phoenix  
  62  5:02  Probe  
  65  5:12  Probe  
  66  5:14  Probe  
  66  5:17  Adept  
  66  5:19  Pylon  
  66  5:21  Pylon  
  69  5:24  Probe  
  69  5:25  Pylon  
  70  5:37  Assimilator, Probe x2  
  70  5:39  Assimilator  
  72  5:46  Adept x3  
  78  5:51  Probe x2  
  80  5:57  Pylon  
  80  6:06  Probe  
  80  6:07  Adept  
  80  6:08  Adept x2  
  80  6:11  Pylon  
  87  6:18  Robotics Facility  
  87  6:32  Nexus  
  87  6:34  Sentry  
  87  6:35  Sentry x2  
  93  6:41  Pylon  
  93  6:45  Pylon  
  93  6:55  Immortal  
  93  6:58  Probe  
  81  7:08  Probe  
  81  7:10  Gateway  
  81  7:12  Gateway x2  
  82  7:15  Gateway  
  82  7:16  Sentry x3  
  84  7:24  Gateway, Warp Prism  
  82  7:40  Adept x3  
  82  7:41  Pylon  
  80  7:57  Probe  
  80  7:58  Probe x2  
  83  8:00  Adept  
  83  8:01  Adept x2  
  83  8:02  Observer  
  90  8:08  Pylon  
  90  8:22  Adept x5  
  90  8:23  Adept x3  
  104  8:47  Adept x3  
  104  8:48  Adept x4  
  114  8:55  Pylon  
  114  9:11  Stalker x7  
  114  9:15  Adept  
Show
View Real Time Build Order
Export as new Build Order

DeadSaint Zerg 

Build Orders: Pool First 

Get SALT Encoding   

  12  0:01  Drone  
  13  0:15  Extractor  
  12  0:25  Spawning Pool  
  12  0:28  Drone  
  12  0:33  Drone  
  13  0:38  Drone  
  14  0:49  Overlord  
  14  1:12  Zergling x6  
  14  1:18  Metabolic Boost  
  17  1:23  Zergling x2  
  18  1:36  Zergling x2  
  19  1:47  Zergling x2  
  20  1:59  Hatchery  
  19  2:03  Drone  
  19  2:08  Drone  
  21  2:25  Zergling x2  
  20  2:31  Zergling x2  
  19  2:38  Drone  
  19  2:40  Hatchery  
  17  2:49  Drone  
  18  2:53  Queen  
  20  3:00  Overlord  
  20  3:11  Queen  
  20  3:12  Drone  
  23  3:14  Zergling x2  
  24  3:21  Drone  
  24  3:22  Drone  
  26  3:32  Drone  
  27  3:36  Drone  
  28  3:42  Drone  
  28  3:43  Drone  
  28  3:47  Queen  
  32  3:53  Overlord  
  32  3:57  Queen  
  32  4:00  Drone  
  35  4:03  Drone  
  35  4:05  Drone  
  37  4:10  Drone x2  
  37  4:14  Zergling x4  
  41  4:18  Spore Crawler  
  41  4:22  Spore Crawler  
  39  4:29  Zergling x8  
  43  4:34  Drone x2  
  43  4:37  Extractor  
  44  4:42  Zergling x4  
  44  4:43  Zergling x2  
  44  4:58  Zergling x2  
  44  4:59  Zergling x12  
  49  5:04  Zergling x2  
  48  5:08  Zergling x4  
  48  5:15  Zergling x2  
  48  5:18  Overlord  
  48  5:19  Overlord  
  49  5:22  Roach Warren  
  49  5:25  Drone  
  49  5:30  Overlord  
  49  5:31  Overlord  
  49  5:38  Drone x5  
  49  5:40  Overlord  
  54  5:48  Drone x3  
  57  5:53  Drone x3  
  60  5:59  Drone x3  
  67  6:04  Roach x2  
  67  6:15  Roach  
  67  6:18  Roach  
  71  6:19  Overlord  
  71  6:27  Spore Crawler, Drone  
  71  6:28  Roach  
  71  6:31  Overlord  
  70  6:32  Spine Crawler  
  70  6:34  Roach x2  
  70  6:37  Drone  
  72  6:40  Roach  
  72  6:42  Roach  
  76  6:47  Roach  
  76  6:49  Zergling x8  
  76  6:50  Zergling x6  
  78  7:01  Roach x2  
  62  7:09  Queen  
  62  7:10  Queen x2  
  61  7:26  Roach  
  59  7:46  Drone x9  
  67  7:59  Roach  
  67  8:00  Roach  
  67  8:01  Zergling x2  
  72  8:09  Extractor  
  72  8:10  Roach  
  72  8:12  Queen  
  75  8:14  Queen  
  75  8:16  Overlord  
  75  8:17  Overlord  
  75  8:19  Roach  
  79  8:21  Zergling x2  
  79  8:22  Zergling x12  
  79  8:26  Roach  
  88  8:31  Zergling x2  
  87  8:38  Roach  
  87  8:40  Zergling x2  
  87  8:41  Zergling x2  
  82  8:51  Zergling x8  
  82  8:52  Zergling x8  
Tags
 
Add a new tag
Caveats
  • Supply blocks, unpowered buildings, or Contaminate may cause inaccurate times.
  • Supply counts are checked every 10 seconds.